 Dungeon Crawl Stone Soup version 0.16.2-2-g470672f (webtiles) character file.

11822 monobi the Grappler (level 11, -3/92 HPs)
             Began as a Minotaur Monk on Sept 3, 2015.
             Was a Priest of Nemelex Xobeh.
             Slain by an Executioner (9 damage)
             ... on level 1 of the Abyss.
             The game lasted 01:42:07 (16227 turns).

monobi the Grappler (Minotaur Monk)                Turns: 16227, Time: 01:42:07

Health: -3/92      AC:  6    Str: 16    XL:     11   Next: 54%
Magic:  15/15      EV: 17    Int:  7    God:    Nemelex Xobeh [***...]
Gold:   489        SH:  0    Dex: 14    Spells: 2 memorised, 3 levels left

rFire  + . .     SeeInvis .       - Unarmed
rCold  . . .     Clarity  +     q - +1 robe {rF+}
rNeg   . . .     SustAb   .     (no shield)
rPois  +         Gourm    .     (helmet restricted)
rElec  .         Spirit   .     t - +0 cloak
rCorr  .         Warding  .     D - +0 pair of gloves
rMut   .         Stasis   .     j - +0 pair of boots
MR     +....                    R - amulet of faith
Stlth  +++.......               d - ring of poison resistance
                                g - ring of protection from magic

@: drained, somewhat resistant to hostile enchantments, fairly stealthy
A: retaliatory headbutt, horns 2, clarity, deformed body, weak 1
a: Triple Draw, Renounce Religion


You were on level 1 of the Abyss.
You worshipped Nemelex Xobeh.
Nemelex Xobeh was most pleased with you.
You were not hungry.

You visited 1 branch of the dungeon, and saw 10 of its levels.
You visited the Abyss 1 time.

You collected 629 gold pieces.
You spent 98 gold pieces at shops.

Inventory:

Hand weapons
 I - a +2 trident of protection
 W - a +1 morningstar of draining
 Y - the +6 dagger of Oreo {flame, rElec Int+4 Stlth-}
   (You found it on level 8 of the Dungeon)

   It has been specially enchanted to burn those struck by it, causing extra
   injury to most foes and up to half again as much damage against particularly
   susceptible opponents.
   It affects your intelligence (+4).
   It insulates you from electricity.
   It makes you less stealthy.
Armour
 h - a +1 robe of magic resistance
 j - a +0 pair of boots (worn)
 q - a +1 robe of fire resistance (worn)
 t - a +0 cloak (worn)
 D - a +0 pair of gloves (worn)
 T - a +2 leather armour of cold resistance
Jewellery
 a - an uncursed ring of poison resistance
 d - a ring of poison resistance (right hand)
 g - a ring of protection from magic (left hand)
 y - an uncursed amulet of rage
 M - an uncursed ring of positive energy
 R - an amulet of faith (around neck)
Magical devices
 o - a wand of enslavement (12)
 s - a wand of digging (24)
 u - a wand of draining (6)
 Z - a wand of teleportation (3)
Scrolls
 c - a scroll of identify
 e - a scroll of fog {unknown}
 i - 3 scrolls of remove curse
 p - a scroll of blinking {unknown}
 H - 7 scrolls of teleportation
 K - 2 scrolls of recharging
 X - a scroll of amnesia
Potions
 k - a potion of ambrosia
 G - a potion of brilliance
Books
 f - the Tome of the Mutagenic Rocks
   (You found it on level 10 of the Dungeon)

   Spells                             Type                      Level
   a - Stoneskin                      Transmutation/Earth          2
   b - Passwall                       Transmutation/Earth          3
   c - Iron Shot                      Conjuration/Earth            6
   d - Shatter                        Earth                        9
 m - the Reference Book on the Entourage
   (You found it on level 8 of the Dungeon)

   Spells                             Type                      Level
   a - Summon Small Mammal            Summoning                    1
   b - Call Imp                       Summoning                    2
   c - Recall                         Summoning/Translocation      3
   d - Summon Mana Viper              Hexes/Summoning              5
   e - Dragon's Call                  Summoning                    9
 v - a book of the Dragon

   Spells                             Type                      Level
   a - Flight                         Charms/Air                   3
   b - Cause Fear                     Hexes                        4
   c - Bolt of Fire                   Conjuration/Fire             6
   d - Dragon Form                    Transmutation                7
   e - Dragon's Call                  Summoning                    9
 w - a book of Power

   Spells                             Type                      Level
   a - Fulminant Prism                Conjuration/Hexes            4
   b - Iskenderun's Mystic Blast      Conjuration                  4
   c - Venom Bolt                     Conjuration/Poison           5
   d - Bolt of Magma                  Conjuration/Fire/Earth       5
   e - Iron Shot                      Conjuration/Earth            6
   f - Orb of Destruction             Conjuration                  7
   g - Spellforged Servitor           Conjuration/Summoning        7
 N - a book of Annihilations {highlevel}

   This book is beyond your current level of understanding.

   Spells                             Type                      Level
   a - Poison Arrow                   Conjuration/Poison           6
   b - Chain Lightning                Conjuration/Air              8
   c - Lehudib's Crystal Spear        Conjuration/Earth            8
   d - Glaciate                       Conjuration/Ice              9
   e - Fire Storm                     Conjuration/Fire             9
 P - a book of Alchemy

   Spells                             Type                      Level
   a - Sublimation of Blood           Necromancy                   2
   b - Alistair's Intoxication        Transmutation/Poison         4
   c - Condensation Shield            Ice                          4
   d - Petrify                        Transmutation/Earth          4
   e - Ignite Poison                  Fire/Transmutation           5
   f - Irradiate                      Conjuration/Transmutation    5
Miscellaneous
 n - an ornate deck of war {drawn: 10}
 A - a plain deck of changes {Focus}
 B - a plain deck of escape {the Tomb}
 C - a plain deck of war {the Crusade}
 J - a plain deck of escape {drawn: 7}
 O - an ornate deck of war {drawn: 1}
 V - an ornate deck of escape {drawn: 7}
Comestibles
 b - a bread ration
 x - 16 fruits


   Skills:
 - Level 7.5(7.1) Fighting
 - Level 0.5(0.3) Polearms
 - Level 8.2(7.9) Armour
 + Level 9.9(9.5) Dodging
 + Level 5.1(4.8) Stealth
 + Level 11.8(11.4) Unarmed Combat
 * Level 2.3(2.0) Spellcasting
 * Level 1.5(1.2) Transmutations
 + Level 0.8(0.5) Earth Magic
 * Level 6.1(5.8) Evocations


You had 3 spell levels left.
You knew the following spells:

 Your Spells              Type           Power        Failure   Level  Hunger
a - Dragon's Call         Summ           #.........   100%        9    #######
b - Stoneskin             Trmt/Erth      #.......     47%         2    ###....


Dungeon Overview and Level Annotations

Branches:
Dungeon (10/15)            Temple (0/1) D:6
   Lair: D:8-11         Orc: D:9-12

Altars:
Elyvilon
Kikubaaqudgha
Nemelex Xobeh
Okawaru
Qazlal
Sif Muna
Vehumet
Xom
Zin

Shops:
D:4 (*   D:7 (

Annotations:
D:9 Erolcha
D:10 Psyche


Innate Abilities, Weirdness & Mutations

You reflexively headbutt those who attack you in melee.
You have a pair of horns on your head.
You possess an exceptional clarity of mind.
Armour fits poorly on your strangely shaped body.
You are weak. (Str -2)


Message History

You draw a card...
It is the Banshee.
The Executioner is unaffected.
The Executioner is engulfed in seething chaos.
The Executioner hits you.
The Executioner hits you but does no damage.
The Executioner hits you.
The Executioner is engulfed in seething chaos.
The Executioner is moving more slowly.
The Executioner misses you. The Executioner closely misses you.
The Executioner hits you.
* * * LOW HITPOINT WARNING * * *
Evoke which item? (* to show all) (? for menu, Esc to quit)
You draw a card...
It is Warpwright.
The power of the Abyss blocks your magic.
The Executioner gestures at you. Pain shoots through your body!
* * * LOW HITPOINT WARNING * * *
The Executioner hits you!
* * * LOW HITPOINT WARNING * * *
The Executioner closely misses you. The Executioner hits you!
You die...
Your body disappears without a glow.

# . ..
.##.....# ##
# ..#..## # .
# #...#.. #
.. . #..
#.......#....
#. #....#..
..# #..#
#(... #.... .
####..#....#
......#
#ยง..#1##...#
.?.. #..#
#.@# . ..##
## ####


You could see an Executioner (petrifying).

Vanquished Creatures
  A flayed ghost (D:8)
  3 hill giants
  Maurice (D:9)
  A smoke demon (Abyss:1)
  A silent spectre (Abyss:1)
  A two-headed ogre (D:8)
  A shadow (D:8)
  3 wraiths (D:8)
  5 hippogriffs
  A small abomination (Abyss:1)
  4 fire bats
  3 hungry ghosts
  A golden eye (Abyss:1)
  A neqoxec (Abyss:1)
  A chaos spawn (Abyss:1)
  Edmund (D:6)
  3 orc warriors
  An eye of draining (D:10)
  4 sky beasts (D:9)
  2 phantoms
  A water moccasin (D:10)
  4 ice beasts
  A centaur (D:6)
  2 black bears
  A necrophage (D:9)
  5 ogres
  A crocodile (D:10)
  2 big kobolds
  A brain worm (D:4)
  Blork the orc (D:6)
  5 giant frogs
  A gnoll sergeant (D:7)
  2 wyvern skeletons
  6 scorpions
  10 killer bees
  5 wights (D:9)
  A centaur zombie (D:8)
  A crimson imp (D:7)
  A goliath beetle (D:9)
  A gnoll shaman (D:7)
  A centaur skeleton (D:6)
  4 jellies
  Crazy Yiuf (D:3)
  A giant frog zombie (D:9)
  5 hounds
  6 orc priests
  9 orc wizards
  Natasha (D:3)
  An iguana (D:7)
  8 worker ants
  Ijyb (D:3)
  2 killer bee zombies
  A mummy (D:7)
  13 adders
  8 gnolls (D:7)
  5 giant mites
  2 shadow imps
  An adder zombie (D:3)
  An adder skeleton (D:4)
  An ooze (D:1)
  35 orcs
  2 ball pythons
  30 bats
  2 bat zombies
  8 giant cockroaches
  16 goblins
  11 hobgoblins
  5 jackals
  29 kobolds
  5 quokkas
  8 giant geckos
  5 giant newts
  A jackal skeleton (D:7)
  A quokka zombie (D:6)
  11 rats
332 creatures vanquished.

Vanquished Creatures (collateral kills)
  The ghost of DizzySkin the Destroyer, an experienced DrCj of Makhleb (D:10)
  A centaur skeleton (D:10)
  2 raiju (Abyss:1)
  A golden eye (Abyss:1)
  A hippogriff (D:7)
  A wraith (D:8)
  An orc warrior (D:9)
  A crimson imp (D:10)
  An adder (D:9)
  A kobold (D:8)
11 creatures vanquished.

Vanquished Creatures (others)
  3 yaktaurs
  A wind drake (Abyss:1)
  A polar bear (Abyss:1)
  An air elemental (Abyss:1)
  2 fulminant prisms (D:10)
  2 centaurs (Abyss:1)
  An orc wizard (D:7)
11 creatures vanquished.

Grand Total: 354 creatures vanquished

Notes
Turn   | Place    | Note
--------------------------------------------------------------
     0 | D:1      | monobi, the Minotaur Monk, began the quest for the Orb.
     0 | D:1      | Reached XP level 1. HP: 19/19 MP: 1/1
     0 | D:1      | Noticed a purple draconian
     1 | D:1      | Noticed an iron dragon
     3 | D:1      | Noticed a tentacled monstrosity
     5 | D:1      | Noticed a large abomination
     7 | D:1      | Noticed an ice dragon
     8 | D:1      | Noticed an orb of fire
    10 | D:1      | Noticed an orb of fire
    12 | D:1      | Noticed an ice dragon
    13 | D:1      | Noticed a shadow dragon
    14 | D:1      | Noticed a white draconian
    14 | D:1      | Noticed a shadow dragon
    16 | D:1      | Noticed an orb of fire
    18 | D:1      | Noticed an ice dragon
    18 | D:1      | Noticed an orb of fire
    19 | D:1      | Noticed a tentacled monstrosity
   356 | D:1      | Reached XP level 2. HP: 27/27 MP: 1/1
  1160 | D:1      | Reached XP level 3. HP: 33/33 MP: 2/2
  1687 | D:2      | Reached skill level 5 in Unarmed Combat
  1846 | D:2      | Reached XP level 4. HP: 39/41 MP: 2/2
  2589 | D:3      | Found a sparkling altar of Nemelex Xobeh.
  2599 | D:3      | Became a worshipper of Nemelex Xobeh the Trickster
  2599 | D:3      | Received a gift from Nemelex Xobeh
  2599 | D:3      | Received a gift from Nemelex Xobeh
  2615 | D:3      | Noticed Ijyb
  2628 | D:3      | Killed Ijyb
  2636 | D:3      | Noticed Natasha
  2644 | D:3      | Killed Natasha
  2644 | D:3      | Reached XP level 5. HP: 41/47 MP: 2/2
  2688 | D:3      | Noticed Crazy Yiuf
  2696 | D:3      | Killed Crazy Yiuf
  2747 | D:3      | Reached skill level 5 in Dodging
  2750 | D:3      | Reached skill level 1 in Armour
  2763 | D:3      | Found a stormy altar of Qazlal.
  2948 | D:3      | Received a gift from Nemelex Xobeh
  3193 | D:4      | Found a shimmering altar of Xom.
  3215 | D:4      | Found Xoodd's Antique Weapon Emporium.
  3272 | D:4      | Found Yxereaf's General Store.
  3405 | D:4      | Bought a meat ration for 70 gold pieces
  3405 | D:4      | Bought a scroll of identify for 28 gold pieces
  3421 | D:4      | Noticed an ogre
  3434 | D:4      | Killed an ogre
  3434 | D:4      | Reached XP level 6. HP: 55/55 MP: 3/3
  3480 | D:4      | Received a gift from Nemelex Xobeh
  3534 | D:4      | Found an iron altar of Okawaru.
  3569 | D:4      | Found a white marble altar of Elyvilon.
  3606 | D:4      | Found a shimmering altar of Xom.
  3608 | D:4      | Noticed an ogre
  3620 | D:4      | Noticed a fire bat
  3620 | D:4      | an ogre changed into a fire bat
  3625 | D:4      | Killed a fire bat
  3625 | D:4      | Reached skill level 5 in Fighting
  3625 | D:4      | Reached skill level 6 in Unarmed Combat
  3694 | D:4      | Found a glowing silver altar of Zin.
  3917 | D:4      | Noticed an ogre
  3924 | D:4      | an ogre changed into a brain worm
  3928 | D:4      | Reached XP level 7. HP: 40/61 MP: 3/3
  4275 | D:4      | Acquired Nemelex Xobeh's first power
  4610 | D:5      | Entered Level 5 of the Dungeon
  5473 | D:5      | Reached skill level 5 in Armour
  5473 | D:5      | Reached skill level 7 in Unarmed Combat
  5542 | D:5      | Reached skill level 1 in Evocations
  5542 | D:5      | Reached XP level 8. HP: 50/69 MP: 4/4
  5906 | D:6      | Received a gift from Nemelex Xobeh
  6261 | D:6      | Found a staircase to the Ecumenical Temple.
  6450 | D:6      | Reached skill level 8 in Unarmed Combat
  6596 | D:6      | Noticed Edmund
  6606 | D:6      | Killed Edmund
  6667 | D:7      | Received a gift from Nemelex Xobeh
  6856 | D:7      | Reached XP level 9. HP: 67/75 MP: 5/5
  6926 | D:7      | Acquired Nemelex Xobeh's second power
  7430 | D:7      | Reached skill level 9 in Unarmed Combat
  7685 | D:7      | Noticed Blork the orc
  7719 | D:6      | Gained mutation: You possess an exceptional clarity of mind. [potion of beneficial mutation]
  7722 | D:6      | Killed Blork the orc
  7889 | D:7      | Found Sketto Muel's Antique Weapon Shoppe.
  7889 | D:7      | Received a gift from Nemelex Xobeh
  8427 | D:8      | Found a deep blue altar of Sif Muna.
  8632 | D:8      | Reached XP level 10. HP: 83/86 MP: 5/5
  8835 | D:8      | Reached skill level 10 in Unarmed Combat
  8844 | D:8      | Got a shimmering dagger
  8845 | D:8      | Identified the +6 dagger of Oreo {flame, rElec Int+4 Stlth-} (You found it on level 8 of the Dungeon)
  8918 | D:8      | Received a gift from Nemelex Xobeh
  9106 | D:8      | Found a runed door.
  9122 | D:8      | Found a deep blue altar of Sif Muna.
  9132 | D:8      | Found an iron altar of Okawaru.
  9146 | D:8      | Found a radiant altar of Vehumet.
  9339 | D:8      | Found an ancient bone altar of Kikubaaqudgha.
  9388 | D:8      | Found a radiant altar of Vehumet.
  9473 | D:8      | Found a glowing silver altar of Zin.
  9812 | D:8      | Noticed a flayed ghost
  9832 | D:8      | Killed a flayed ghost
  9841 | D:8      | Identified the Reference Book on the Entourage
  9853 | D:8      | Learned a level 9 spell: Dragon's Call
 10530 | D:9      | Noticed Maurice
 10545 | D:9      | Killed Maurice
 10586 | D:9      | Reached skill level 11 in Unarmed Combat
 10632 | D:9      | Gained mutation: You are weak. (Str -2) [mutagenic meat]
 10665 | D:9      | Reached skill level 1 in Spellcasting
 10737 | D:9      | Noticed Erolcha
 10770 | D:10     | Entered Level 10 of the Dungeon
 10903 | D:10     | Acquired Nemelex Xobeh's third power
 10903 | D:10     | Received a gift from Nemelex Xobeh
 10912 | D:10     | Noticed a hill giant
 11408 | D:10     | Killed a hill giant
 11580 | D:10     | Noticed DizzySkin's ghost (experienced DrCj)
 12644 | D:10     | Reached XP level 11. HP: 48/92 MP: 9/12
 13635 | D:10     | Noticed Muqiqe the pandemonium lord
 13638 | D:10     | Killed DizzySkin's ghost
 13638 | D:10     | Reached skill level 5 in Stealth
 13661 | D:10     | Noticed a hill giant
 13673 | D:10     | Killed a hill giant
 14077 | D:10     | Identified the Tome of the Mutagenic Rocks
 14082 | D:10     | Learned a level 2 spell: Stoneskin
 14408 | D:9      | Reached skill level 5 in Evocations
 14858 | D:10     | Noticed a hill giant
 15161 | D:9      | HP: 3/92 [hill giant/giant club (23)]
 15162 | D:9      | Killed a hill giant
 15465 | D:9      | Reached skill level 1 in Transmutations
 15575 | D:10     | Noticed Psyche
 15598 | D:10     | Received a gift from Nemelex Xobeh
 15888 | D:10     | Cast into the Abyss (Psyche)
 15931 | Abyss:1  | Noticed a thrashing horror
 16129 | Abyss:1  | Noticed a lich
 16136 | Abyss:1  | Gained mutation: Armour fits poorly on your strangely shaped body. [a neqoxec]
 16183 | Abyss:1  | Noticed a lich
 16222 | Abyss:1  | Noticed an Executioner
 16227 | Abyss:1  | Slain by an Executioner

Action                   |  1- 3 |  4- 6 |  7- 9 | 10-12 || total
-------------------------+-------+-------+-------+-------++-------
Melee: Unarmed           |    89 |   132 |   428 |   442 ||  1091
       Trident           |       |       |       |    11 ||    11
Throw: Tomahawk          |       |       |     9 |     5 ||    14
       Javelin           |       |       |     1 |       ||     1
       Throwing net      |       |       |       |     2 ||     2
 Cast: Stoneskin         |       |       |       |     4 ||     4
Invok: Triple Draw       |       |       |       |     2 ||     2
       Deal Four         |       |       |       |     3 ||     3
Evoke: Deck              |       |    10 |     2 |    27 ||    39
  Use: Scroll            |       |    13 |    15 |     6 ||    34
       Potion            |       |     1 |    14 |    12 ||    27
 Stab: Sleeping          |     1 |       |       |     6 ||     7
       Distracted        |       |       |     1 |     1 ||     2
       Fleeing           |       |       |     1 |       ||     1
       Invisible         |       |       |       |     4 ||     4
  Eat: Chunk             |     2 |     2 |     8 |     3 ||    15
       Meat ration       |       |     1 |     3 |       ||     4
       Beef jerky        |       |       |       |     4 ||     4
       Bread ration      |       |       |       |     4 ||     4
       Royal jelly       |       |       |       |     1 ||     1
